 Dungeon Crawl Stone Soup version 0.29.0-7-g18a832c13a (webtiles) character file.

Game seed: 11645271617447776620

93 Monkooky the Chucker (level 5, -4/66 HPs)
             Began as a Meteoran Gladiator on Aug 30, 2022.
             Was a Believer of Lugonu.
             Slain by Crazy Yiuf
             ... wielding a +4 quarterstaff of chaos
              (6 damage)
             ... on level 3 of the Dungeon.
             The game lasted 00:07:10 (917 turns).

Monkooky the Chucker (Meteoran Gladiator)            Turns: 917, Time: 00:07:11

Health: -4/66      AC: 22    Str: 18    XL:     5   Next: 16%
Magic:  6/6        EV:  2    Int:  9    God:    Lugonu [**....]
Gold:   55         SH:  0    Dex: 15    Spells: 4/4 levels left

rFire   . . .      SeeInvis .   (no weapon)
rCold   . . .      Faith    .   (no shield)
rNeg    . . .      Spirit   .   (body armour currently unavailable)
rPois   +          Reflect  .   (helmet currently unavailable)
rElec   .          Harm     .   (cloak currently unavailable)
rCorr   .          Rampage  .   (gloves currently unavailable)
Will    .....      NoTele   +   (boots currently unavailable)
Stlth   +.........              (no amulet)
HPRegen 0.21/turn               f - ring of poison resistance
MPRegen 0.10/turn               (no ring)

@: confused, tree-form, glowing
A: stationary, stasis, torment immunity, boosted hp, sense surroundings 1,
otherworldly, glowing, explore regen
a: Renounce Religion, Depart the Abyss, Bend Space


You were on level 3 of the Dungeon.
You worshipped Lugonu.
Lugonu was pleased with you.
You were a tree.
You visited 1 branch of the dungeon, and saw 3 of its levels.

You collected 55 gold pieces.

Inventory:

Hand Weapons
 a - a +0 long sword
 q - a +0 glaive
Missiles
 d - 3 throwing nets
 e - a javelin
 k - 11 boomerangs (quivered)
Armour
 b - a +0 leather armour
 c - a +0 helmet (melded)
 i - a +0 ring mail (melded)
 w - a +0 pair of boots (melded)
Jewellery
 f - a ring of poison resistance (left branch)
Scrolls
 g - a scroll of butterflies {unknown}
 h - 2 scrolls of identify {unknown}
 n - a scroll of magic mapping {unknown}
 o - a scroll of noise {unknown}
 s - a scroll of fear {unknown}
 u - a scroll of vulnerability {unknown}
 v - a scroll of teleportation {unknown}
Potions
 j - a potion of lignification
 l - a potion of heal wounds {unknown}
 m - a potion of resistance {unknown}
 p - a potion of attraction {unknown}
 r - a potion of curing {unknown}
 t - a potion of degeneration {unknown}


   Skills:
 - Level 2.9 Fighting
 - Level 3.6 Long Blades
 - Level 0.4 Polearms
 - Level 5.1 Throwing
 - Level 3.6 Dodging
 + Level 0.0 Invocations


You had 4 spell levels left.
You didn't know any spells.
Your spell library contained the following spells:

 Spells                   Type           Power      Damage    Failure   Level
 Animate Dead             Necr           0%         N/A       99%         4
 Borgnjor's Vile Clutch   Necr/Erth      0%         N/A       100%        5
 Death Channel            Necr           0%         N/A       100%        6


Dungeon Overview and Level Annotations

Branches:
Dungeon (3/15) Zot: 858

Altars:
Lugonu

Shops:
D:2 (

Annotations:
D:3 Crazy Yiuf


Innate Abilities, Weirdness & Mutations

You are a tree.
Your roots penetrate the ground, keeping you stationary.
You cannot be teleported.
You are immune to unholy pain and torment.
Your maximum health is greatly increased.
Your equipment is partially melded.
You passively map a small area around you.
You are easily found by Zot.
You glow in the dark.
You regain HP and MP as you explore.


Message History

You have reached level 5!
Things that are here:
a +1 dagger of venom; a +0 robe
Found a hammer.
Found a runed translucent door.
Okay, then.
You open the door.
Crazy Yiuf drinks a potion.
Crazy Yiuf goes berserk!
Throw: 11 boomerangs
Press: ? - help, Q - select action, (/) - cycle Shift-Dir - straight line, f - Crazy Yiuf
Aim: Crazy Yiuf, wielding a +4 quarterstaff of chaos and wearing a +1 cloak of willpower (berserk, 65% to hit)
Okay, then.
You close the door.
Crazy Yiuf breaks down the door.
Okay, then.
Throw: 11 boomerangs
Press: ? - help, Q - select action, (/) - cycle Shift-Dir - straight line, f - Crazy Yiuf
Aim: Crazy Yiuf, wielding a +4 quarterstaff of chaos and wearing a +1 cloak of willpower (berserk, 65% to hit)
You throw a boomerang.
The boomerang closely misses Crazy Yiuf.
Crazy Yiuf hits you with a +4 quarterstaff of chaos!
You are confused.
It was a potion of lignification.
You turn into a tree.
Your +0 helmet melds into your body.
Your +0 pair of boots melds into your body.
Your +0 ring mail melds into your body.
Your roots penetrate the ground.
Crazy Yiuf hits you with a +4 quarterstaff of chaos!
You are electrocuted!
You are now empty-handed.
Crazy Yiuf hits you but does no damage.
You cannot move. (Use ctrl+direction or * direction to attack while stationary and confused.)
You attack the tree.
Crazy Yiuf hits you with a +4 quarterstaff of chaos.
* * * LOW HITPOINT WARNING * * *
You hit Crazy Yiuf but do no damage.
Crazy Yiuf hits you with a +4 quarterstaff of chaos!
* * * LOW HITPOINT WARNING * * *
Crazy Yiuf freezes you.
* * * LOW HITPOINT WARNING * * *
Crazy Yiuf hits you but does no damage.
You hit Crazy Yiuf.
Crazy Yiuf is lightly wounded.
Crazy Yiuf hits you with a +4 quarterstaff of chaos.
You die...

#......... ##<#, ,, ,*
* ### #..#, , , ,
...#.## * #.#.# *
#...# #.#####.##♣♣
**### , ,
#.......+..♣♣ ♣♣#..)#
,,,
######......♣♣♣♣♣g...#
#........♣..♣#...#
#.#)+...♣.♣♣♣* ### *
#.#.##♣♣♣♣♣ , #...#
#...#** , #.... ,
#...., #....,


You could see Crazy Yiuf (berserk).

Vanquished Creatures
  Jessica (D:3)
  3 adders (D:2)
  A worm (D:2)
  3 ball pythons
  4 bats
  2 endoplasms (D:2)
  6 goblins
  3 hobgoblins (D:2)
  5 kobolds
  3 quokkas (D:2)
  4 frilled lizards
  2 rats (D:2)
37 creatures vanquished.

Notes
Turn   | Place    | Note
-------+----------+-------------------------------------------
     0 | D:1      | Monkooky the Meteoran Gladiator began the quest for the
                  | Orb.
     0 | D:1      | Reached XP level 1. HP: 17/17 MP: 2/2
   293 | D:1      | Reached XP level 2. HP: 22/24 MP: 3/3
   421 | D:2      | Reached skill level 3 in Throwing
   435 | D:2      | Reached XP level 3. HP: 23/30 MP: 4/4
   509 | D:2      | Found a faded altar of an unknown god.
   520 | D:2      | Prayed at the altar of an unknown god.
   520 | D:2      | Became a worshipper of Lugonu the Unformed
   520 | D:2      | Reached * piety under Lugonu
   520 | D:2      | Reached ** piety under Lugonu
   655 | D:2      | Found Ricwog's Antique Weapon Emporium.
   731 | D:2      | Reached skill level 4 in Throwing
   731 | D:2      | Reached XP level 4. HP: 37/37 MP: 5/5
   894 | D:3      | Noticed Jessica
   896 | D:3      | Killed Jessica
   897 | D:3      | Reached skill level 5 in Throwing
   897 | D:3      | Reached XP level 5. HP: 44/44 MP: 6/6
   906 | D:3      | Found a runed translucent door.
   907 | D:3      | Noticed Crazy Yiuf
   916 | D:3      | HP: 3/66 [Crazy Yiuf/+4 quarterstaff of chaos (16)]
   917 | D:3      | Slain by Crazy Yiuf

Illustrated notes

Levels and vault maps discovered:
D:1:      tarquinn_simple_flora_water_f, layout_basic, hex_tiny
D:2:      layout_loops_ring, serial_shops, nicolae_lakefront_shop,
          shapermc_ecumenical_altar_venn
D:3:      layout_basic, ebering_ghost_rock_garden, uniq_jessica,
          uniq_crazy_yiuf_cottage

Skill      XL: |  1  2  3  4 |
---------------+-------------+-----
Throwing       | 3 4 5 |  5.1
Fighting       | |  2.9
Long Blades    | |  3.6
Polearms       | |  0.4
Dodging        | |  3.6

Action                   |  1- 3 |  4- 6 || total
-------------------------+-------+-------++-------
Melee: Long sword        |    74 |    36 ||   110
       Unarmed           |       |     2 ||     2
Throw: Boomerang         |       |     3 ||     3
  Use: Potion            |       |     1 ||     1
Armor: Ring mail         |    31 |    30 ||    61
       Skin              |       |     2 ||     2
Dodge: Dodged            |    51 |    22 ||    73
